 Dungeon Crawl Stone Soup version 0.28.0-47-ge53b351184 (webtiles) character file.

Game seed: 16094399784936659699

15029 CryoSword the Grappler (level 11, -3/89 HPs)
             Began as a Demonspawn Fighter on May 6, 2022.
             Was a Believer of Makhleb.
             Slain by a titanic slime creature (92 damage)
             ... on level 12 of the Dungeon.
             The game lasted 00:29:25 (14910 turns).

CryoSword the Grappler (Demonspawn Fighter)        Turns: 14910, Time: 00:29:25

Health: -3/89      AC: 31    Str: 20    XL:     11   Next: 96%
Magic:  17/17      EV:  3    Int: 12    God:    Makhleb [**....]
Gold:   896        SH: 21    Dex: 20    Spells: 10/10 levels left

rFire   . . .      SeeInvis .     - Unarmed
rCold   . . .      Faith    .   H - +0 kite shield
rNeg    . . .      Spirit   .   C - +2 crystal plate armour
rPois   .          Reflect  +   q - +1 helmet {Int+3}
rElec   .          Harm     .   M - +2 cloak {Stlth+}
rCorr   .          Rampage  .   (no gloves)
Will    .....                   c - +1 pair of boots
Stlth   ..........              j - amulet of reflection
HPRegen 0.24/turn               n - +4 ring of protection
MPRegen 0.15/turn               s - +6 ring of dexterity

@: studying Fighting
A: claws 2, large bone plates 1, foul stench 1, spiny 1
a: Renounce Religion, Minor Destruction


You were on level 12 of the Dungeon.
You worshipped Makhleb.
Makhleb was pleased with you.
You visited 2 branches of the dungeon, and saw 13 of its levels.
You also visited: Bailey.

You collected 896 gold pieces.

Inventory:

Hand Weapons
 f - a +3 scimitar of flaming
   (You took it off Erica on level 11 of the Dungeon)
Missiles
 h - 23 poisoned darts
 F - 2 boomerangs
 L - 3 curare-tipped darts
Armour
 c - a +1 pair of boots (worn)
   (You found it on level 9 of the Dungeon)
 q - a +1 helmet of intelligence (worn)
   (You found it in a bailey)
 C - a +2 crystal plate armour (worn)
   (You took it off an orc warrior in a bailey)
 H - a +0 kite shield (worn)
   (You took it off a gnoll sergeant on level 9 of the Dungeon)
 M - a +2 cloak of stealth (worn)
   (You took it off Maurice on level 11 of the Dungeon)
Jewellery
 j - an amulet of reflection (around neck)
   (You found it on level 8 of the Dungeon)
 n - a +4 ring of protection (left claw)
   (You found it on level 3 of the Dungeon)
 p - a ring of ice
   (You found it on level 3 of the Dungeon)
 s - a +6 ring of dexterity (right claw)
   (You found it on level 4 of the Dungeon)
 D - the ring of Ikeytedgh {rN+ Str-2 Dex+4}
   (You found it on level 8 of the Dungeon)

   [ring of positive energy]

   Str:       It affects your strength (-2).
   Dex:       It affects your dexterity (+4).
   rN:        It protects you from negative energy.
 G - a ring of protection from fire
   (You found it on level 9 of the Dungeon)
Wands
 e - a wand of charming (2)
   (You found it on level 10 of the Dungeon)
 o - a wand of flame (2)
   (You found it on level 8 of the Dungeon)
 r - a wand of paralysis (2)
   (You found it on level 6 of the Dungeon)
 w - a wand of iceblast (9)
   (You found it on level 10 of the Dungeon)
Scrolls
 a - a scroll of fog
 b - a scroll of amnesia {unknown}
 d - 2 scrolls of fear
 g - 2 scrolls of blinking
 l - 4 scrolls of teleportation {@r4}
 m - 4 scrolls of summoning
 u - 2 scrolls of magic mapping
 y - a scroll of holy word {unknown}
 E - a scroll of enchant weapon
Potions
 i - a potion of resistance {unknown}
 k - 7 potions of curing {@q1}
 t - a potion of magic
 v - 2 potions of attraction {unknown}
 z - a potion of haste {unknown}
 A - a potion of lignification {!q}
 J - a potion of flight {unknown}
 K - a potion of brilliance {unknown}


   Skills:
 * Level 9.3 Fighting
 - Level 3.0 Axes
 * Level 5.5 Armour
 - Level 4.0 Dodging
 + Level 8.3 Shields
 * Level 11.1 Unarmed Combat
 + Level 8.0 Invocations


You had 10 spell levels left.
You didn't know any spells.
Your spell library contained the following spells:

 Spells                   Type           Power      Damage    Failure   Level
 Animate Skeleton         Necr           0%         N/A       100%        1
 Apportation              Tloc           0%         N/A       100%        1
 Foxfire                  Conj/Fire      0%         2x1d4     100%        1
 Pain                     Necr           0%         1d4       100%        1
 Summon Small Mammal      Summ           0%         N/A       100%        1
 Conjure Flame            Conj/Fire      0%         6-21      100%        3
 Inner Flame              Hex/Fire       0%         N/A       100%        3
 Tukima's Dance           Hex            0%         N/A       100%        3
 Vampiric Draining        Necr           0%         2d6       100%        3
 Anguish                  Hex/Necr       0%         N/A       100%        4
 Flame Wave               Conj/Fire      0%         2d4       100%        4
 Leda's Liquefaction      Hex/Erth       0%         N/A       100%        4
 Lee's Rapid Deconstruct  Erth           0%         3d5*      100%        5
 Statue Form              Tmut/Erth      0%         N/A       100%        6
 Enfeeble                 Hex            0%         N/A       100%        7


Dungeon Overview and Level Annotations

Branches:
Dungeon (12/15)            Temple (1/1) D:6            Lair (0/6) D:9
    Orc (0/2) D:12         Bailey (visited)

Altars:
Cheibriados
Makhleb
Nemelex Xobeh
Uskayaw
Xom
The Shining One

Shops:
D:12 [


Innate Abilities, Weirdness & Mutations

You have very sharp fingernails.
You are partially covered in large bone plates. (SH +4)
You may rarely emit foul miasma when damaged in melee.
You are partially covered in sharp spines.


Message History

You feel better.
You completely miss the orc. You block the orc's attack.
You scratch the orc but do no damage. You block the orc's attack.
The orc wizard casts a spell at you. The puff of flame misses you.
You mangle the orc!!
You kill the orc!
Makhleb accepts your kill.
A slime creature comes into view.
A boulder beetle comes into view.
The boulder beetle waves its antennae.
The slime creature moves out of view.
Items here: )) ††.
You claw the boulder beetle!
A six-headed hydra comes into view.
A slime creature comes into view.
A manticore, a slime creature and a vampire come into view.
The sentinel's mark upon you fades away.
A slime creature comes into view.
Your smoke demon hits the boulder beetle.
Your smoke demon hits the boulder beetle but does no damage.
Your smoke demon barely misses the boulder beetle.
You block the vampire's attack.
The vampire bites you but does no damage.
You scratch the vampire.
Your smoke demon hits the boulder beetle but does no damage. x3
You block the boulder beetle's attack. The slime creature hits you.
* * * LOW HITPOINT WARNING * * *
The slime creature hits you but does no damage.
You block the boulder beetle's attack.
Your smoke demon hits the boulder beetle but does no damage. x3
Two slime creatures merge to form a large slime creature.
The boulder beetle bites your smoke demon!
Your smoke demon hits the boulder beetle but does no damage. x3
The vampire casts a spell.
The vampire flickers and vanishes!
Deactivating autopickup; reactivate with Ctrl-A.
The boulder beetle curls into a ball and begins rolling!
Your smoke demon hits the boulder beetle but does no damage. x3
Your smoke demon gestures at the boulder beetle.
The sticky flame hits the boulder beetle!
The boulder beetle is covered in liquid flames!
The boulder beetle burns!
Your smoke demon gestures at the boulder beetle.
The sticky flame hits the boulder beetle but does no damage.
The boulder beetle is covered in liquid flames!
A demon appears!
Your smoke demon dies!
Your smoke demon disappears in a puff of smoke!
The boulder beetle burns!
The boulder beetle stops rolling and uncurls.
Something hits you but does no damage. Something bites you but does no damage.
The boulder beetle burns!
The boulder beetle leaps!
The orc wizard mumbles some strange words.
The orc wizard flickers and vanishes!
Something hits you but does no damage. You block something's attack.
You scratch something but do no damage. Something hits you but does no damage.
Something bites you but does no damage.
You claw something!
The boulder beetle burns!
Something hits you but does no damage. Something bites you but does no damage.
A slime creature comes into view.
You claw something!
The boulder beetle burns!
The boulder beetle curls into a ball and begins rolling!
Two slime creatures merge to form a large slime creature.
Something hits you but does no damage. Something bites you.
* * * LOW HITPOINT WARNING * * *
Something draws strength from your injuries!
You swap places.
The boulder beetle burns!
You hear some strange, mumbled words.
Your orange demon resists with almost no effort.
A demon appears!
Something hits your orange demon but does no damage.
Something bites your orange demon but does no damage.
Two slime creatures merge to form a large slime creature.
Something hits your orange demon!
Something closely misses your orange demon.
What are your orders? t - Shout!
Orders for allies: a - Attack new target. r - Retreat! s - Stop attacking. g - Guard the area. f - Follow me.
Anything else - Cancel.
Guard this area!
Your smoke demon hits something but does no damage.
Your smoke demon barely misses something.
Your smoke demon hits something but does no damage.
As you read the scroll of magic mapping, it crumbles to dust.
You feel aware of your surroundings.
Found a staircase to the Orcish Mines.
Found a scroll of vulnerability.
You see here a scroll of vulnerability {!r}.
Found a ring mail.
Found a stone staircase leading up.
There is a stone staircase leading up here.
You climb upwards.
Reactivating autopickup.
There is a stone staircase leading down here.
You start resting.
You can no longer summon a lesser servant of Makhleb.
You start resting.
You climb downwards.
There is a stone staircase leading up here.
You see here a scroll of vulnerability {!r}.
You scratch the vampire but do no damage.
The vampire barely misses you. You block the vampire's attack.
You scratch the vampire but do no damage.
You block the vampire's attack.
The vampire bites you but does no damage.
You scratch the vampire but do no damage.
The vampire casts a spell at you.
You are confused.
You bump into the rock wall.
The vampire casts a spell at you. You resist with some effort.
You bump into the rock wall.
The vampire hits you but does no damage.
The vampire bites you but does no damage.
You bump into the rock wall.
The vampire is struck by your spines.
The vampire hits you but does no damage.
The vampire bites you but does no damage.
You closely miss the vampire. The vampire is struck by your spines.
The vampire hits you! The vampire bites you.
The vampire draws strength from your injuries!
You bump into the rock wall.
The vampire is struck by your spines.
The vampire hits you but does no damage.
The vampire bites you but does no damage.
You claw the vampire!
The vampire hits you but does no damage.
The vampire bites you but does no damage.
You claw the vampire!
You destroy the vampire!
Makhleb accepts your kill.
You feel less confused.
You now have 896 gold pieces (gained 7).
You start resting.
A slime creature is nearby!
A slime creature is nearby!
A slime creature is nearby!
A slime creature is nearby!
The slime creature quivers.
The slime creature quivers. x2
Two slime creatures merge to form a large slime creature.
Two slime creatures merge to form a very large slime creature.
The very large slime creature hits you but does no damage.
You scratch the very large slime creature.
Two slime creatures merge to form an enormous slime creature.
Two slime creatures merge to form a titanic slime creature.
You scratch the titanic slime creature. The titanic slime creature hits you!!!!
Ouch! That really hurt!
You die...

###
###########.#####
#....J@.........##
#######
#.#########..###.##
......#####.#
#.#####.#####
............#
#............
####).#######
#.#####.#####
../.#....#
##.###.##
####<.##.# ##...##
####..#*,# #####
......#*,*


You could see a titanic slime creature.

Vanquished Creatures
  Erica (D:11)
  3 two-headed ogres
  Sonja (D:11)
  An orc knight (Bailey)
  An ugly thing (D:12)
  2 cyclopes
  2 manticores
  Joseph (D:7)
  Maurice (D:11)
  2 gargoyles
  Maggie (D:7)
  A kobold demonologist (D:11)
  3 shadows
  2 vampires
  A wyvern (D:11)
  A wraith (D:10)
  3 yaks (D:9)
  Edmund (D:6)
  A vampire mosquito (D:9)
  A water moccasin (D:7)
  8 orc warriors
  An ice beast (D:6)
  A sky beast (D:5)
  A necrophage (D:5)
  A black bear (D:6)
  2 ogres (D:6)
  2 centaurs
  A phantom (D:6)
  5 kobold brigands
  3 bullfrogs
  A scorpion (D:5)
  A wyvern zombie (D:6)
  2 gnoll sergeants
  3 water moccasin zombies (D:5)
  A wyvern skeleton (D:7)
  15 killer bees
  12 wights
  3 centaur zombies
  4 bullfrog zombies (D:5)
  A hound (D:7)
  4 jellies
  A centaur skeleton (D:7)
  5 orc priests
  12 orc wizards
  3 iguanas
  A scorpion zombie (D:5)
  A hound zombie (D:5)
  A howler monkey skeleton (D:6)
  4 howler monkey zombies
  8 gnolls
  2 adders
  2 shadow imps
  2 white imps
  An ufetubus (D:4)
  A worm (D:3)
  3 dart slugs
  37 orcs
  7 ball pythons
  6 bats
  13 endoplasms
  A giant cockroach (D:1)
  10 goblins
  4 hobgoblins
  4 jackals (D:1)
  3 quokkas
  3 frilled lizards
  35 kobolds
  4 rats
276 creatures vanquished.

Vanquished Creatures (collateral kills)
  Harold (D:11)
  Psyche (D:12)
2 creatures vanquished.

Vanquished Creatures (others)
  A sky beast (D:7)
  2 fungi (D:9)
  3 plants (D:9)
  3 withered plants (D:5)
9 creatures vanquished.

Grand Total: 287 creatures vanquished

Notes
Turn   | Place    | Note
-------+----------+-------------------------------------------
     0 | D:1      | CryoSword the Demonspawn Fighter began the quest for the
                  | Orb.
     0 | D:1      | Reached XP level 1. HP: 18/18 MP: 1/1
   341 | D:1      | Gained mutation: You are partially covered in sharp spines.
                  | [demonic ancestry]
   341 | D:1      | Reached XP level 2. HP: 18/24 MP: 2/2
   548 | D:1      | Found a faded altar of an unknown god.
   689 | D:1      | Gained mutation: You have sharp fingernails. [demonic
                  | ancestry]
   689 | D:1      | Reached XP level 3. HP: 26/29 MP: 3/3
  1605 | D:2      | Identified the -3 pair of gloves of Iqyuw {+Inv rElec rF-
                  | Int+7}
  1954 | D:2      | Reached skill level 1 in Unarmed Combat
  2409 | D:3      | Reached XP level 4. HP: 35/35 MP: 4/4
  2910 | D:4      | Reached skill level 2 in Unarmed Combat
  3308 | D:5      | Entered Level 5 of the Dungeon
  3316 | D:5      | Reached XP level 5. HP: 34/41 MP: 5/5
  3366 | D:5      | Noticed a sky beast
  3380 | D:5      | Noticed a necrophage
  3478 | D:5      | Reached skill level 1 in Dodging
  3478 | D:5      | Killed a sky beast
  3479 | D:5      | Reached skill level 3 in Unarmed Combat
  3479 | D:5      | Reached XP level 6. HP: 38/48 MP: 6/6
  3594 | D:5      | Reached skill level 4 in Unarmed Combat
  3594 | D:5      | Gained mutation: You may rarely emit foul miasma when
                  | damaged in melee. [demonic ancestry]
  3594 | D:5      | Reached XP level 7. HP: 40/54 MP: 7/7
  4243 | D:6      | Reached skill level 5 in Unarmed Combat
  4245 | D:6      | Reached XP level 8. HP: 11/61 MP: 8/8
  4594 | D:6      | Reached skill level 5 in Fighting
  4925 | D:6      | Reached skill level 5 in Shields
  5169 | D:6      | Found a staircase to the Ecumenical Temple.
  5182 | Temple   | Entered the Ecumenical Temple
  5203 | Temple   | Became a worshipper of Makhleb the Destroyer
  5666 | D:6      | Reached skill level 6 in Unarmed Combat
  6158 | D:6      | Gained mutation: You are partially covered in large bone
                  | plates. (SH +4) [demonic ancestry]
  6158 | D:6      | Reached XP level 9. HP: 45/69 MP: 9/9
  6292 | D:6      | Noticed Edmund
  6312 | D:6      | Killed Edmund
  6667 | D:7      | Noticed a gargoyle
  6896 | D:7      | Noticed Maggie
  6932 | D:6      | Reached skill level 7 in Unarmed Combat
  7014 | D:7      | Killed Maggie
  7356 | D:7      | Killed a gargoyle
  7739 | D:7      | Reached skill level 8 in Unarmed Combat
  8167 | D:7      | Identified the +0 ring mail of Naibb {rCorr}
  8468 | D:7      | Reached * piety under Makhleb
  8623 | D:7      | Noticed Joseph
  8642 | D:7      | Killed Joseph
  8643 | D:7      | Reached XP level 10. HP: 75/79 MP: 10/10
  8748 | D:8      | Noticed a manticore
  8758 | D:8      | Killed a manticore
  8759 | D:8      | Reached skill level 9 in Unarmed Combat
  9433 | D:8      | Identified the ring of Ikeytedgh {rN+ Str-2 Dex+4}
  9671 | D:9      | Found a staircase to the Lair.
  9761 | D:9      | Reached skill level 1 in Invocations
  9793 | D:9      | Reached ** piety under Makhleb
  9802 | D:9      | HP: 1/80 [something (23)]
 10143 | D:9      | Found a flagged portal.
 10158 | Bailey   | Entered a bailey
 10370 | Bailey   | Noticed an orc knight
 10453 | Bailey   | Killed an orc knight
 10941 | Bailey   | Reached skill level 10 in Unarmed Combat
 11281 | D:9      | Found a hide-covered altar of Uskayaw.
 11915 | D:10     | Entered Level 10 of the Dungeon
 11944 | D:10     | Noticed a two-headed ogre
 11962 | D:10     | Killed a two-headed ogre
 11963 | D:10     | Reached skill level 5 in Invocations
 11963 | D:10     | Gained mutation: You have very sharp fingernails. [demonic
                  | ancestry]
 11963 | D:10     | Reached XP level 11. HP: 87/87 MP: 14/14
 12344 | D:10     | Reached *** piety under Makhleb
 12877 | D:11     | Noticed Sonja
 12902 | D:11     | Killed Sonja
 12972 | D:11     | Noticed Maurice
 12996 | D:11     | Killed Maurice
 13386 | D:11     | Noticed a two-headed ogre
 13397 | D:11     | Killed a two-headed ogre
 13501 | D:11     | Noticed Erica
 13511 | D:11     | Killed Erica
 13744 | D:11     | Noticed Harold
 13763 | D:11     | Killed Harold
 13952 | D:11     | Noticed a two-headed ogre
 13960 | D:11     | Killed a two-headed ogre
 13961 | D:11     | Reached skill level 5 in Armour
 14428 | D:12     | Found a burning altar of Makhleb.
 14428 | D:12     | Noticed a green death
 14433 | D:12     | Found Erphusch's Armour Shoppe.
 14438 | D:12     | Noticed a green ugly thing
 14459 | D:12     | Killed a green ugly thing
 14460 | D:12     | Reached skill level 11 in Unarmed Combat
 14460 | D:12     | Noticed Psyche
 14470 | D:12     | Killed Psyche
 14477 | D:12     | Noticed a boulder beetle
 14478 | D:12     | Noticed a six-headed hydra
 14518 | D:12     | Found a staircase to the Orcish Mines.
 14910 | D:12     | Slain by a titanic slime creature

Illustrated notes

Levels and vault maps discovered:
D:1:      ebering_trefoil_3fold, layout_basic,
          shapermc_ecumenical_altar_totnotflames
D:2:      layout_basic, chequers_serial_rivers_marsh
D:3:      layout_basic
D:4:      layout_cave_pools
D:5:      layout_cave_pools, serial_undead, serial_undead_c, serial_undead_f,
          serial_undead_e, serial_undead_c, serial_undead_b, serial_undead_e,
          serial_undead_c, serial_undead_c, abandoned_shop
D:6:      layout_layer_cave, minmay_temple_entry_tees, uniq_edmund
D:7:      layout_gridville, minmay_misc_feat_encased,
          kennysheep_generic_room_10, uniq_maggie, uniq_joseph
D:8:      layout_basic
D:9:      layout_stronghold, mainiacjoe_overflow_brackets, dpeg_oklobed_lair,
          enter_bailey_5, grunt_tough_drop
D:10:     layout_small_grid, grunt_decor_one_mirror, billiards_dpeg
D:11:     layout_loops_corners, gauntlet_entry_generic, uniq_harold, uniq_sonja,
          uniq_erica, uniq_maurice
D:12:     layout_loops_ring, orc_0_dummy, serial_shops, shop,
          makhleb_altar_promises_db, uniq_psyche
Temple:   minmay_crystal_snake_temple

Skill      XL: |  1  2  3  4  5  6  7  8  9 10 11 |
---------------+----------------------------------+-----
Axes           | 2 3 |  3.0
Shields        | 3 4 5 6 7 8 |  8.3
Unarmed Combat | 1 2 3 4 5 6 8 10 11 | 11.1
Dodging        | 1 2 3 4 |  4.0
Fighting       | 4 5 7 8 9 |  9.3
Invocations    | 5 8 |  8.0
Armour         | 3 5 |  5.5

Action                   |  1- 3 |  4- 6 |  7- 9 | 10-12 || total
-------------------------+-------+-------+-------+-------++-------
Melee: War axe           |    87 |    68 |   178 |   170 ||   503
       Unarmed           |     3 |       |    55 |   211 ||   269
Throw: Dart              |       |       |     6 |    19 ||    25
Invok: Minor Destruction |       |       |       |     4 ||     4
       Lesser Servant of |       |       |       |     7 ||     7
Evoke: Wand              |       |       |     8 |    34 ||    42
  Use: Scroll            |     2 |     3 |     8 |     7 ||    20
       Potion            |       |       |     4 |     2 ||     6
 Stab: Paralysed         |       |       |    36 |       ||    36
       Distracted        |       |       |     1 |       ||     1
       Invisible         |       |       |       |     1 ||     1
       Sleeping          |       |       |       |     1 ||     1
Armor: Scale mail        |    30 |    40 |    88 |       ||   158
       Steam dragon scal |       |       |    36 |    39 ||    75
       Crystal plate arm |       |       |       |    82 ||    82
Dodge: Dodged            |    39 |    37 |   140 |    86 ||   302
Block: Buckler           |    13 |    18 |   126 |    85 ||   242
       Kite shield       |       |       |       |   309 ||   309
       Reflection        |       |       |       |    18 ||    18
